 Dungeon Crawl Stone Soup version 0.25-a0-424-g80bd347ae0 (webtiles) character file.

Game seed: 16605029326666729122, levelgen mode: deterministic

221 DerDa the Skirmisher (level 5, -1/28 HPs)
             Began as a Vine Stalker Fighter on Jan 21, 2020.
             Killed by divine providence
             ... invoked by an orc priest
              (8 damage)
             ... on level 3 of the Dungeon.
             The game lasted 00:03:40 (2213 turns).

DerDa the Skirmisher (Vine Stalker Fighter)         Turns: 2213, Time: 00:03:41

Health: -1/28      AC:  7    Str: 19    XL:     5   Next: 98%
Magic:  0/7        EV:  7    Int:  8    God:
Gold:   135        SH:  9    Dex: 14    Spells: 4/4 levels left

rFire    . . .     SeeInvis .   a - +0 long sword
rCold    . . .     Gourm    .   c - +0 shield
rNeg     . . .     Faith    .   b - +0 scale mail
rPois    .         Spirit   +   (no helmet)
rElec    .         Reflect  .   (no cloak)
rCorr    .         Harm     .   p - +0 pair of gloves
MR       .....                  (no boots)
Stlth    ..........             (no amulet)
HPRegen  0.49/turn              (no ring)
MPRegen  0.10/turn              (no ring)

@: heavily drained
A: fangs 2, regeneration 1, magic shield, antimagic bite, no potion heal 3, rot
immunity
a: no special abilities


You were on level 3 of the Dungeon.
You were not hungry.

You visited 1 branch of the dungeon, and saw 3 of its levels.

You collected 135 gold pieces.

Inventory:

Hand Weapons
 a - a +0 long sword (weapon)
Missiles
 k - 6 atropa-tipped darts (quivered)
 s - 80 stones
 t - 17 sling bullets
 w - 16 bolts
Armour
 b - a +0 scale mail (worn)
 c - a +0 shield (worn)
 p - a +0 pair of gloves (worn)
Jewellery
 o - an uncursed ring of ice {unknown}
Wands
 r - a wand of iceblast (10)
Scrolls
 e - 4 scrolls of identify {unknown}
 h - 2 scrolls of amnesia {unknown}
 i - 2 scrolls of blinking {unknown}
 m - a scroll of teleportation {unknown}
 q - a scroll of immolation {unknown}
 u - a scroll of enchant armour {unknown}
 v - a scroll of remove curse {unknown}
Potions
 g - 2 potions of brilliance {unknown}
 j - a potion of curing {unknown}
 l - a potion of heal wounds {unknown}
 n - a potion of mutation {unknown}
Comestibles
 d - 9 chunks of flesh
 f - 5 rations


   Skills:
 + Level 3.3(2.2) Fighting
 + Level 2.6(1.5) Long Blades
 + Level 3.1(1.9) Armour
 + Level 1.7(0.6) Dodging
 + Level 3.3(2.2) Shields
 * Level 2.0(0.9) Evocations


You had 4 spell levels left.
You didn't know any spells.
Your spell library contained the following spells:

 Spells                   Type           Power        Failure   Level  Hunger
 Magic Dart               Conj           #...         100%        1    ##.....
 Blink                    Tloc           N/A          100%        2    ###....
 Call Imp                 Summ           #.......     100%        2    ###....
 Slow                     Hex            #.......     100%        2    ###....
 Conjure Flame            Conj/Fire      #.......     100%        3    ####...
 Mephitic Cloud           Conj/Pois/Air  #.......     100%        3    ####...


Dungeon Overview and Level Annotations

Branches:
Dungeon (3/15)

Altars:


Innate Abilities, Weirdness & Mutations

You have extremely sharp teeth.
Your natural rate of healing is unusually fast.
When hurt, damage is shared between your health and your magic reserves.
Your bite disrupts and absorbs the magic of your enemies.
Potions cannot restore your health.
You are immune to rotting.


Message History

The shaft crumbles and collapses.
An orc comes into view. It is wielding a +0 dagger.
You closely miss the wight.
The orc shouts!
Your bite misses the wight.
The wight is severely damaged.
You block the wight's attack.
You hit the wight. You bite the wight, but do no damage.
The wight is almost destroyed.
The wight hits you with a +0 flail!
You feel drained.
An orc priest comes into view.
The wight hits you with a +0 flail.
* * * LOW HITPOINT WARNING * * *
You barely miss the wight.
The orc priest shouts!
You bite the wight, but do no damage.
The wight is almost destroyed.
The orc priest mumbles some strange prayers to Beogh against you.
Beogh smites you!
You die...

...........................#.#
........................#...
..........#+#...........#.####.
.................<....#..........
......................#.....#####
......................#..........
.....................############
..........o.o........#.........##
...............z@....#.#######.##
................<....#...#...#.##
............#............#'#+#.##
...####........................##
.......................##......##
.......................##......##
...............#...............##
..........#....####............##
..........#...#..........<.......


You could see a wight, an orc priest and an orc.

Vanquished Creatures
  A hungry ghost (D:3)
  4 adders
  A worm (D:2)
  A dart slug (D:3)
  A leopard gecko (D:1)
  An orc (D:3)
  5 giant cockroaches
  7 goblins
  6 hobgoblins
  3 jackals (D:3)
  4 kobolds (D:1)
  3 bats
  A frilled lizard (D:3)
  5 rats
43 creatures vanquished.

Notes
Turn   | Place    | Note
-------+----------+-------------------------------------------
     0 | D:1      | DerDa the Vine Stalker Fighter began the quest for the Orb.
     0 | D:1      | Reached XP level 1. HP: 11/11 MP: 2/2
   381 | D:1      | Reached XP level 2. HP: 15/16 MP: 3/3
  1089 | D:2      | Reached XP level 3. HP: 15/19 MP: 4/4
  1690 | D:2      | Reached skill level 1 in Dodging
  1908 | D:3      | Gained mutation: Your natural rate of healing is unusually
                  | fast. [Vine Stalker growth]
  1908 | D:3      | Reached XP level 4. HP: 22/24 MP: 5/5
  1962 | D:3      | Noticed a hungry ghost
  1972 | D:3      | Killed a hungry ghost
  1972 | D:3      | Reached skill level 1 in Evocations
  1972 | D:3      | Reached XP level 5. HP: 28/28 MP: 5/7
  2213 | D:3      | Killed from afar by an orc priest

Levels and vault maps discovered:
D:1:      kilobyte_arrival_exit_the_forest, layout_loops_cross, minivault_19
D:2:      layout_loops_cross, grunt_ministairs_10, minmay_statues_item
D:3:      layout_basic, uniq_jessica

Skill      XL: |  1  2  3  4  5 |
---------------+----------------+-----
Long Blades    | 2 |  2.6
Shields        | 3 |  3.3
Fighting       | 3 |  3.3
Dodging        | 1 |  1.7
Armour         | 3 |  3.1
Evocations     | 1 2 |  2.0

Action                   |  1- 3 |  4- 6 || total
-------------------------+-------+-------++-------
Melee: Long sword        |    80 |    38 ||   118
       Bite              |    20 |    11 ||    31
  Use: Potion            |       |     1 ||     1
  Eat: Chunk             |     3 |     2 ||     5
Armor: Scale mail        |    33 |    16 ||    49
Dodge: Dodged            |    22 |     8 ||    30
Block: Shield            |    35 |    14 ||    49
       Rpst.: Long sword |     5 |     2 ||     7

Table legend:
 A = Non-vault XP
 B = Vault XP
 C = Vault XP percentage of total XP
 D = Non-vault monster count
 E = Vault monster count
 F = Vault count percentage of total count
                 A         B        C        D         E       F
            +---------+---------+-------+---------+---------+-------
      Total |     309 |       7 |   2.2 |      41 |       2 |   4.7
            +---------+---------+-------+---------+---------+-------
        D:1 |      30 |       0 |   0.0 |      18 |       0 |   0.0
        D:2 |      40 |       7 |  14.9 |      10 |       2 |  16.7
        D:3 |     239 |       0 |   0.0 |      13 |       0 |   0.0
            +---------+---------+-------+---------+---------+-------
